 Dungeon Crawl Stone Soup version 0.22-a0-402-ga933591 (webtiles) character file.

310 Kairos the Vexing (level 6, -6/47 HPs)
             Began as a Gnoll Arcane Marksman on May 6, 2018.
             Mangled by a worker ant (7 damage)
             ... on level 3 of the Dungeon.
             The game lasted 00:07:44 (4326 turns).

Kairos the Vexing (Gnoll Arcane Marksman)           Turns: 4326, Time: 00:07:45

Health: -6/47      AC:  5    Str: 14    XL:     6   Next: 41%
Magic:  11/11      EV: 14    Int: 15    God:
Gold:   132        SH:  0    Dex: 18    Spells: 10/11 levels left

rFire    . . .     SeeInvis .   k - +0 war axe
rCold    . . .     Gourm    .   (no shield)
rNeg     . . .     Faith    .   m - +0 ring mail
rPois    .         Spirit   .   (no helmet)
rElec    .         Reflect  .   (no cloak)
rCorr    .         Harm     .   (no gloves)
MR       .....                  (no boots)
Stlth    ++........             (no amulet)
HPRegen  0.15/turn              (no ring)
MPRegen  0.12/turn              (no ring)

@: lethally poisoned (-6 -> -9)
A: distributed training, fangs 1, agile 1, blurry vision 1, strong nose
a: no special abilities


You were on level 3 of the Dungeon.
You were very hungry.

You visited 1 branch of the dungeon, and saw 4 of its levels.

You collected 132 gold pieces.

Inventory:

Hand Weapons
 a - a +0 hunting sling
 b - a +0 short sword
 k - a +0 war axe (weapon)
Missiles
 d - 26 sling bullets
 h - 102 stones (quivered)
Armour
 e - a +0 robe
 m - a +0 ring mail (worn)
 o - a +0 pair of gloves
Jewellery
 n - a +3 ring of protection {unknown}
Scrolls
 g - a scroll of enchant armour {unknown}
 j - 3 scrolls of identify {unknown}
 l - a scroll of random uselessness {unknown}
 p - a scroll of amnesia {unknown}
 q - 2 scrolls of remove curse {unknown}
 t - a scroll of fear {unknown}
Potions
 i - a potion of agility
Comestibles
 f - 9 rations


   Skills:
 + Level 3.2 Fighting
 + Level 1.9 Short Blades
 + Level 1.9 Long Blades
 + Level 1.9 Axes
 + Level 1.9 Maces & Flails
 + Level 1.9 Polearms
 + Level 1.9 Staves
 + Level 5.0 Slings
 + Level 1.9 Bows
 + Level 1.9 Crossbows
 + Level 1.9 Throwing
 + Level 1.9 Armour
 + Level 5.0 Dodging
 + Level 1.9 Stealth
 + Level 1.9 Shields
 + Level 1.9 Unarmed Combat
 + Level 3.4 Spellcasting
 + Level 1.5 Conjurations
 + Level 5.6 Hexes
 + Level 1.5 Charms
 + Level 1.5 Summonings
 + Level 1.5 Necromancy
 + Level 1.5 Translocations
 + Level 1.5 Transmutations
 + Level 1.5 Fire Magic
 + Level 1.5 Ice Magic
 + Level 1.5 Air Magic
 + Level 1.5 Earth Magic
 + Level 1.5 Poison Magic
 + Level 2.1 Invocations
 + Level 1.9 Evocations


You had 10 spell levels left.
You knew the following spells:

 Your Spells              Type           Power        Failure   Level  Hunger
a - Corona                Hex            ###....      3%          1    None


Dungeon Overview and Level Annotations

Branches:
Dungeon (4/15)
 Temple: D:4-7

Altars:
Trog


Innate Abilities, Weirdness & Mutations

Your experience applies equally to all skills.
You have very sharp teeth.
Your uncanny sense of smell can sniff out nearby items.
You are agile. (Dex +2)
Scrolls take you a little longer to read.


Message History

You feel sick.
You feel sick.
You feel sick. The worker ant bites you.
* * * LOW HITPOINT WARNING * * *
* * * LOW HITPOINT WARNING * * *
You feel sick.
There is a stone staircase leading up here.
The quokka bites you.
* * * LOW HITPOINT WARNING * * *
The worker ant bites you.
* * * LOW HITPOINT WARNING * * *
You climb upwards.
* * * LOW HITPOINT WARNING * * *
You feel sick.
There is a stone staircase leading down here.
You closely miss the quokka. Your bite misses the quokka.
You barely miss the worker ant.
* * * LOW HITPOINT WARNING * * *
You feel sick. The quokka misses you. The worker ant bites you!
You die...

#......# #................## #
#......#####.......[..#.....# #
#.....................#.....#
#......#####...[......#.##### #
######## ##..........#.# #
#......######.########
####...#..# #.##......
#........### #.##.####.
##.....##@a.#####.........
########..<...###r....##..#####..
#................................
###.##........###...[.#...###...#
#.##..#.....###.....#(.## #.###
#.##.##.......#........# ##.#
#.#..##.....#..........# #..#
#.########.###..##...#.###.##
#.########.####.........##.####


You could see a worker ant and a quokka.

Vanquished Creatures
  A phantom (D:3)
  The ghost of azzavlup the Slasher, an amateur DsAK of Lugonu (D:3)
  A hound skeleton (D:4)
  3 adders (D:2)
  An ooze (D:4)
  5 worms
  2 dart slugs
  A leopard gecko (D:1)
  An orc (D:3)
  2 ball pythons (D:2)
  12 bats
  5 giant cockroaches
  8 goblins
  10 hobgoblins
  8 jackals
  2 frilled lizards
  4 kobolds
  14 rats
81 creatures vanquished.

Notes
Turn   | Place    | Note
-------+----------+-------------------------------------------
     0 | D:1      | Kairos the Gnoll Arcane Marksman began the quest for the Orb.
     0 | D:1      | Reached XP level 1. HP: 17/17 MP: 4/4
    40 | D:1      | Reached XP level 2. HP: 18/23 MP: 5/5
   462 | D:1      | Reached XP level 3. HP: 28/28 MP: 7/7
   784 | D:1      | Reached skill level 1 in Invocations
  1063 | D:2      | Reached skill level 1 in Short Blades
  1063 | D:2      | Reached skill level 1 in Long Blades
  1063 | D:2      | Reached skill level 1 in Axes
  1063 | D:2      | Reached skill level 1 in Maces & Flails
  1063 | D:2      | Reached skill level 1 in Polearms
  1063 | D:2      | Reached skill level 1 in Staves
  1063 | D:2      | Reached skill level 1 in Bows
  1063 | D:2      | Reached skill level 1 in Crossbows
  1063 | D:2      | Reached skill level 1 in Throwing
  1063 | D:2      | Reached skill level 1 in Armour
  1063 | D:2      | Reached skill level 1 in Stealth
  1063 | D:2      | Reached skill level 1 in Shields
  1063 | D:2      | Reached skill level 1 in Unarmed Combat
  1063 | D:2      | Reached skill level 1 in Evocations
  1063 | D:2      | Reached XP level 4. HP: 7/34 MP: 8/8
  1831 | D:2      | Reached skill level 1 in Conjurations
  1831 | D:2      | Reached skill level 1 in Charms
  1831 | D:2      | Reached skill level 1 in Summonings
  1831 | D:2      | Reached skill level 1 in Necromancy
  1831 | D:2      | Reached skill level 1 in Translocations
  1831 | D:2      | Reached skill level 1 in Transmutations
  1831 | D:2      | Reached skill level 1 in Fire Magic
  1831 | D:2      | Reached skill level 1 in Ice Magic
  1831 | D:2      | Reached skill level 1 in Air Magic
  1831 | D:2      | Reached skill level 1 in Earth Magic
  1831 | D:2      | Reached skill level 1 in Poison Magic
  2183 | D:3      | Noticed azzavlup's ghost (amateur DsAK)
  2746 | D:3      | Noticed a phantom
  2789 | D:2      | Reached XP level 5. HP: 9/40 MP: 9/9
  3659 | D:3      | Killed a phantom
  3767 | D:3      | Noticed a moth of wrath
  3771 | D:3      | Found a bloodstained altar of Trog.
  3825 | D:3      | Killed azzavlup's ghost
  3825 | D:3      | Reached XP level 6. HP: 26/47 MP: 9/11
  4258 | D:4      | Reached skill level 5 in Slings
  4258 | D:4      | Reached skill level 5 in Dodging
  4294 | D:4      | Gained mutation: Scrolls take you a little longer to read. [potion of mutation]
  4294 | D:4      | Gained mutation: You are agile. (Dex +2) [potion of mutation]
  4294 | D:4      | HP: 2/47 [worker ant (2)]
  4325 | D:3      | HP: 2/47 [poisoned by a worker ant]
  4326 | D:3      | Mangled by a worker ant

Vault maps used:
D:1:      lightli_arrival_flooded_house
D:2:      first_ration, kennysheep_generic_room_13
D:3:      tgw_trog
D:4:      kennysheep_generic_room_16

Skill      XL: |  1  2  3  4  5  6 |
---------------+-------------------+-----
Invocations    | 1 2 |  2.1
Short Blades   | 1 |  1.9
Long Blades    | 1 |  1.9
Axes           | 1 |  1.9
Maces & Flails | 1 |  1.9
Polearms       | 1 |  1.9
Staves         | 1 |  1.9
Bows           | 1 |  1.9
Crossbows      | 1 |  1.9
Throwing       | 1 |  1.9
Armour         | 1 |  1.9
Stealth        | 1 |  1.9
Shields        | 1 |  1.9
Unarmed Combat | 1 |  1.9
Evocations     | 1 |  1.9
Spellcasting   | 3 |  3.4
Conjurations   | 1 |  1.5
Charms         | 1 |  1.5
Summonings     | 1 |  1.5
Necromancy     | 1 |  1.5
Translocations | 1 |  1.5
Transmutations | 1 |  1.5
Fire Magic     | 1 |  1.5
Ice Magic      | 1 |  1.5
Air Magic      | 1 |  1.5
Earth Magic    | 1 |  1.5
Poison Magic   | 1 |  1.5
Fighting       | 3 |  3.2
Slings         | 5 |  5.0
Dodging        | 5 |  5.0
Hexes          | |  5.6

Action                   |  1- 3 |  4- 6 || total
-------------------------+-------+-------++-------
Melee: Short sword       |    36 |     9 ||    45
       Bite              |     5 |    15 ||    20
       War axe           |       |   114 ||   114
       Punch             |       |     2 ||     2
 Fire: Hunting sling     |   109 |    42 ||   151
  Use: Potion            |       |     4 ||     4
 Stab: Sleeping          |       |     1 ||     1
  Eat: Chunk             |       |     6 ||     6
       Ration            |       |     1 ||     1
Armor: Robe              |    31 |     3 ||    34
       Ring mail         |       |    48 ||    48
Dodge: Dodged            |   109 |   132 ||   241

Table legend:
 A = Spawn XP
 B = Non-spawn XP
 C = Spawn XP percentage of total XP
 D = Spawn monster count
 E = Non-spawn monster count
 F = Spawn count percentage of total count
 G = Total turns spent on level
                    A         B        C        D         E        F      G
               +---------+---------+-------+---------+---------+-------+---------
         Total |       0 |     443 |   0.0 |       0 |      81 |   0.0 |  4326
               +---------+---------+-------+---------+---------+-------+---------
           D:1 |       0 |      62 |   0.0 |       0 |      35 |   0.0 |  1029
           D:2 |       0 |      88 |   0.0 |       0 |      27 |   0.0 |  2284
           D:3 |       0 |     268 |   0.0 |       0 |      17 |   0.0 |   904
           D:4 |       0 |      25 |   0.0 |       0 |       2 |   0.0 |   109
               +---------+---------+-------+---------+---------+-------+---------
